 Dungeon Crawl Stone Soup version 0.30.1-11-g7821555f0a (webtiles) character file.

Game seed: 10325826577114774127

19847 PaiMei the Merchant of Misery (level 12, -5/98 HPs)
             Began as a Demonspawn Necromancer on Jan 12, 2024.
             Was a Believer of Kikubaaqudgha.
             Slain by a death yak (18 damage)
             ... on level 3 of the Lair of Beasts.
             The game lasted 00:24:33 (19498 turns).

PaiMei the Merchant of Misery (DsNe)               Turns: 19498, Time: 00:24:34

Health: -5/98      AC: 13    Str:  8    XL:     12   Next: 40%
Magic:  2/25       EV: 20    Int: 26    God:    Kikubaaqudgha [**....]
Gold:   854        SH:  0    Dex: 24    Spells: 13/30 levels left

rFire   + . .        n - +2 dagger "Moin" {heavy, rF+ Int+3 Dex+5}
rCold   . . .        (no shield)
rNeg    . . .        a - +0 robe
rPois   +            (no helmet)
rElec   .            (no cloak)
rCorr   .            L - +0 pair of gloves {Stlth+}
SInv    .            K - +0 pair of boots
Will    .....        (no amulet)
Stlth   ++++         h - ring of poison resistance
HPRegen 0.36/turn    j - +6 ring of dexterity
MPRegen 0.19/turn

%: no passive effects
@: sanguine armoured
A: spiny 1, sanguine armour 2, weakness stinger 1
a: Renounce Religion, Unearth Wretches


You were on level 3 of the Lair of Beasts.
You worshipped Kikubaaqudgha.
Kikubaaqudgha was pleased with you.
You visited 3 branches of the dungeon, and saw 15 of its levels.
You also visited: Sewer and Bailey.

You collected 854 gold pieces.

Inventory:

Hand Weapons
 n - the +2 dagger "Moin" (weapon) {heavy, rF+ Int+3 Dex+5}
   (You found it on level 2 of the Dungeon)

   Int:       It affects your intelligence (+3).
   Dex:       It affects your dexterity (+5).
   rF:        It protects you from fire.
 u - a +2 dagger of draining
 P - the +7 dagger of Indomitability {drain, rPois rF+++ Dex-4 SInv}
   (You found it on level 2 of the Lair of Beasts)

   Dex:       It affects your dexterity (-4).
   rF:        It renders you almost immune to fire.
   rPois:     It protects you from poison.
   SInv:      It lets you see invisible.
Missiles
 Q - 5 poisoned darts (quivered)
Armour
 a - a +0 robe (worn)
 C - a +0 kite shield
 K - a +0 pair of boots (worn)
 L - a +0 pair of gloves of stealth (worn)
Jewellery
 h - a ring of poison resistance (left hand)
 j - a +6 ring of dexterity (right hand)
 t - a +6 ring of dexterity
 D - an amulet of the acrobat
 N - a ring of ice
Wands
 y - a wand of paralysis (20)
 B - a wand of acid (8)
 O - a wand of flame (14)
Scrolls
 d - 2 scrolls of immolation {unknown}
 g - 5 scrolls of blinking
 i - 3 scrolls of fear {unknown}
 k - 8 scrolls of teleportation
 l - 5 scrolls of identify
 o - 2 scrolls of enchant weapon {unknown}
 q - 7 scrolls of magic mapping {unknown}
 w - 2 scrolls of enchant armour {unknown}
 x - 2 scrolls of brand weapon {unknown}
 z - a scroll of torment {unknown}
 A - 2 scrolls of noise {unknown}
 F - a scroll of poison {unknown}
 G - a scroll of fog {unknown}
 H - 2 scrolls of summoning {unknown}
Potions
 b - 3 potions of magic
 c - 6 potions of curing
 e - 2 potions of lignification
 f - a potion of attraction {unknown}
 m - a potion of degeneration {unknown}
 p - 4 potions of heal wounds
 r - 13 potions of flight
 s - a potion of mutation {unknown}
 v - a potion of might
 E - a potion of berserk rage {unknown}
 I - a potion of cancellation {unknown}
 J - a potion of haste {unknown}
Miscellaneous
 M - a phial of floods


   Skills:
 + Level 10.4 Fighting
 + Level 9.8 Dodging
 - Level 2.0 Stealth
 + Level 9.9 Spellcasting
 + Level 12.2 Necromancy


You had 13 spell levels left.
You knew the following spells:

 Your Spells              Type           Power      Damage    Failure   Level
a - Necrotise             Necr           100%       1d9       1%          1
b - Vampiric Draining     Necr           66%        2d10      1%          3
c - Animate Dead          Necr           66%        N/A       1%          4
d - Agony                 Necr           66%        N/A       1%          5
e - Dispel Undead         Necr           66%        3d23      1%          4

Your spell library contained the following spells:

 Spells                   Type           Power      Damage    Failure   Level
 Kiss of Death            Conj/Necr      100%       2d13      1%          1
 Sublimation of Blood     Necr           66%        N/A       1%          2
 Anguish                  Hex/Necr       22%        N/A       3%          4
 Apportation              Tloc           24%        N/A       4%          1
 Beastly Appendage        Tmut           24%        N/A       4%          1
 Magic Dart               Conj           48%        1d5       4%          1
 Sting                    Tmut/Pois      48%        1d5       4%          1
 Summon Small Mammal      Summ           48%        N/A       4%          1
 Call Imp                 Summ           24%        N/A       7%          2
 Ensorcelled Hibernation  Hex/Ice        24%        N/A       7%          2
 Poisonous Vapours        Pois/Air       24%        N/A       7%          2
 Wereblood                Tmut           12%        N/A       7%          2
 Confusing Touch          Hex            12%        N/A       14%         3
 Mephitic Cloud           Conj/Pois/Air  12%        N/A       14%         3
 Spider Form              Tmut/Pois      12%        N/A       14%         3
 Stone Arrow              Conj/Erth      24%        3d8       14%         3
 Animate Armour           Summ/Erth      24%        N/A       43%         4
 Leda's Liquefaction      Hex/Erth       6%         N/A       43%         4
 Olgreb's Toxic Radiance  Pois           12%        N/A       43%         4
 Lee's Rapid Deconstruct  Erth           6%         3d6*      78%         5
 Statue Form              Tmut/Erth      8%         N/A       100%        6
 Lehudib's Crystal Spear  Conj/Erth      6%         10d3      100%        8


Dungeon Overview and Level Annotations

Branches:
Dungeon (10/15)            Temple (1/1) D:7            Lair (4/5) D:9
  Swamp (0/4) Lair:3        Snake (0/4) Lair:2        Sewer (visited)
 Bailey (visited)
  Slime: Lair:4-5       Orc: D:9-12

Altars:
Cheibriados
Dithmenos
Fedhas
Gozag
Kikubaaqudgha
Vehumet
Yredelemnul

Annotations:
D:4 3 runed translucent doors, AngryKot's ghost, amateur FoBe; OlManJenkins's ghost, amateur MiBe; VoidStrider's ghost, amateur SpEE; awesomegowd's ghost, amateur HuBe
D:5 1 runed translucent door
D:6 3 runed translucent doors, AngryKot's ghost, weakling DjDe
D:10 Amaemon


Innate Abilities, Weirdness & Mutations

You are partially covered in sharp spines.
When seriously injured, your blood forms thick armour. (AC +9)
You have a small tail.


Message History

The death yak is severely wounded.
Your reaping aura expires.
The death yak gores you. The death yak misses you.
You hit the death yak but do no damage.
The death yak is severely wounded.
The death yak barely misses you.
Casting: Necrotise (safe; 1% risk of failure)
Confirm with . or Enter, or press ? or * to list all spells.
Aiming: Vampiric Draining (safe; 1% risk of failure)
Press: ? - help, Shift-Dir - straight line, f - death yak
Aim: a death yak (severely wounded)
You draw life force from the death yak!
You feel life coursing into your body. The death yak barely misses you.
You hit the death yak but do no damage.
You tail-slap the death yak, but do no damage.
The death yak is severely wounded.
The death yak barely misses you. The death yak gores you!
You barely miss the death yak.
The death yak is severely wounded.
The death yak closely misses you.
You puncture the death yak!
The death yak is almost dead.
The death yak gores you! The death yak gores you!!
* * * LOW HITPOINT WARNING * * *
You hit the death yak.
You tail-slap the death yak, but do no damage.
The death yak is almost dead.
The death yak gores you but does no damage.
You puncture the death yak!
The death yak is almost dead.
The death yak completely misses you. The death yak misses you.
You hit the death yak but do no damage.
The death yak is almost dead.
The death yak is struck by your spines. The death yak gores you.
* * * LOW HITPOINT WARNING * * *
You hit the death yak but do no damage.
The death yak is almost dead.
The death yak is struck by your spines. The death yak gores you!!
You die...
Kikubaaqudgha rasps: "You have failed me!
Welcome... death!"

....#..~~~≈~..#####...##
.....~~≈≈≈~~~.#.#...###
.....~≈≈≈≈≈≈~.......#
....≈≈≈≈≈≈≈≈~.#.#..##
....~≈≈≈~≈~≈~~..#.##
....~≈≈≈..~~≈#.....#
......~~.<.~..#...#######
.............###Y####...#
...##.P......P#.@P##.#.##
#.########.#..#...##....#
### ####.##...##...#
##..####..##.P##
#....##........#
###......P#....##
#.....#..P##..#######
###.###P...#.....#..# #.#
###..P.##....##


You could see a death yak.

Vanquished Creatures
  A boulder beetle (Lair:2)
  A catoblepas (Lair:1)
  A two-headed ogre (D:8)
  2 skysharks (Lair:2)
  2 elephants (Lair:2)
  3 black mambas
  3 cane toads
  2 komodo dragons
  A troll (D:9)
  A polar bear (Lair:2)
  15 blink frogs
  Sigmund (D:5)
  2 wyverns
  Eustachio (D:4)
  21 yaks
  3 basilisks
  Edmund (D:5)
  2 nagas (Lair:2)
  8 water moccasins
  An acid dragon (D:8)
  4 ice beasts
  11 orc warriors
  3 ogres
  A black bear (Lair:2)
  A centaur (D:8)
  7 bullfrogs
  A kobold brigand (D:10)
  3 gnoll sergeants
  2 scorpions
  3 howler monkeys (D:9)
  An electric eel (Lair:3)
  4 hounds
  2 jellies
  4 orc priests
  A human skeleton (D:5)
  8 orc wizards
  2 sleepcaps
  5 iguanas
  A sickly merfolk siren (Sewer)
  A malarious merfolk avatar (Sewer)
  12 gnolls
  8 adders
  A river rat (Sewer)
  3 shadow imps
  4 white imps
  5 worms
  3 dart slugs
  36 orcs
  16 ball pythons
  8 endoplasms
  7 giant cockroaches
  8 hobgoblins
  6 kobolds
  5 quokkas
  8 bats
  6 frilled lizards (Sewer)
  10 goblins
  A kobold skeleton (D:5)
  23 rats
307 creatures vanquished.

Vanquished Creatures (collateral kills)
  A death yak (Lair:4)
  An elephant (Lair:2)
  2 blink frogs (Lair:4)
  A yak (Lair:2)
  2 water moccasins
  An orc (D:6)
  A ball python (D:3)
  A goblin (D:2)
  A quokka (D:3)
  2 rats
13 creatures vanquished.

Vanquished Creatures (others)
  A demonspawn (D:1)
  An octopode (D:1)
  An elf (D:1)
  3 trolls (D:1)
  A merfolk (D:1)
  A formicid (D:1)
  A vampire (D:1)
  A blink frog zombie (Lair:4)
  An ogre (D:1)
  A tengu (D:1)
  A komodo dragon zombie (Lair:1)
  2 water moccasin zombies
  A yak zombie (Lair:2)
  2 naga zombies (Lair:2)
  A kobold (D:1)
  11 tentacles (D:1)
30 creatures vanquished.

Grand Total: 350 creatures vanquished

Notes
Turn   | Place    | Note
-------+----------+-------------------------------------------
     0 | D:1      | PaiMei the Demonspawn Necromancer began the quest for the
                  | Orb.
     0 | D:1      | Reached XP level 1. HP: 13/13 MP: 3/3
     0 | D:1      | Noticed a formicid
     0 | D:1      | Noticed a demonspawn
     0 | D:1      | Noticed a troll
     0 | D:1      | Noticed an octopode
     0 | D:1      | Noticed a merfolk
     0 | D:1      | Noticed a kraken
     0 | D:1      | Noticed a troll
     0 | D:1      | Noticed an elf
     0 | D:1      | Noticed an ogre
     0 | D:1      | Noticed a troll
     0 | D:1      | Noticed a vampire
     0 | D:1      | Noticed a tengu
     5 | D:1      | Killed an octopode
     5 | D:1      | Killed a merfolk
     6 | D:1      | Killed a tengu
     7 | D:1      | Killed an ogre
     7 | D:1      | Killed a troll
     8 | D:1      | Killed an elf
     8 | D:1      | Killed a formicid
    10 | D:1      | Killed a troll
    10 | D:1      | Killed a vampire
    15 | D:1      | Killed a troll
    15 | D:1      | Killed a demonspawn
   362 | D:1      | Gained mutation: You are partially covered in sharp spines.
                  | [demonic ancestry]
   362 | D:1      | Reached XP level 2. HP: 19/19 MP: 0/5
  1487 | D:2      | Reached XP level 3. HP: 15/25 MP: 0/6
  1491 | D:2      | Learned a level 3 spell: Vampiric Draining
  1701 | D:2      | Reached skill level 1 in Fighting
  2094 | D:2      | Identified the +2 dagger "Moin" {heavy, rF+ Int+3 Dex+5}
  2420 | D:2      | Found a radiant altar of Vehumet.
  2451 | D:2      | Gained mutation: You have a small tail. [demonic ancestry]
  2451 | D:2      | Reached XP level 4. HP: 32/32 MP: 3/7
  2634 | D:3      | Noticed a scorpion
  2650 | D:3      | Killed a scorpion
  2651 | D:3      | Reached skill level 5 in Necromancy
  2833 | D:3      | Reached XP level 5. HP: 38/38 MP: 7/9
  3128 | D:3      | Found a glowing drain.
  3195 | Sewer    | Entered a sewer
  3960 | Sewer    | Reached XP level 6. HP: 46/46 MP: 0/11
  5498 | D:4      | Noticed Eustachio
  5508 | D:4      | Killed Eustachio
  5509 | D:4      | Gained mutation: When seriously injured, your blood forms
                  | armour. (AC +9) [demonic ancestry]
  5509 | D:4      | Reached XP level 7. HP: 36/52 MP: 2/12
  5642 | D:4      | Reached skill level 6 in Necromancy
  5924 | D:4      | Found a runed translucent gate.
  5925 | D:4      | Found a runed translucent gate.
  5925 | D:4      | Found a runed translucent gate.
  5926 | D:4      | Noticed VoidStrider's ghost (amateur SpEE)
  5926 | D:4      | Noticed AngryKot's ghost (amateur FoBe)
  5926 | D:4      | Noticed OlManJenkins's ghost (amateur MiBe)
  5926 | D:4      | Noticed awesomegowd's ghost (amateur HuBe)
  6480 | D:5      | Entered Level 5 of the Dungeon
  7154 | D:5      | Reached XP level 8. HP: 61/61 MP: 8/15
  7366 | D:5      | Found a runed translucent door.
  7373 | D:5      | Found a basalt altar of Yredelemnul.
  7506 | D:5      | Learned a level 4 spell: Animate Dead
  7511 | D:5      | Learned a level 4 spell: Dispel Undead
  7653 | D:5      | Noticed Sigmund
  7663 | D:5      | Killed Sigmund
  7664 | D:5      | Reached skill level 5 in Spellcasting
  7664 | D:5      | Reached skill level 7 in Necromancy
  7783 | D:5      | Noticed Edmund
  7792 | D:5      | Killed Edmund
  7793 | D:5      | Reached skill level 5 in Dodging
  7941 | D:6      | Found a runed translucent gate.
  7941 | D:6      | Noticed AngryKot's ghost (weakling DjDe)
  7942 | D:6      | Found a runed translucent gate.
  7942 | D:6      | Found a runed translucent gate.
  7942 | D:6      | Noticed a two-headed ogre
  7949 | D:6      | Noticed a slime creature
  8022 | D:6      | Reached skill level 5 in Fighting
  8542 | D:6      | Reached XP level 9. HP: 69/69 MP: 7/17
  8951 | D:6      | Reached skill level 8 in Necromancy
 10018 | D:7      | Found a staircase to the Ecumenical Temple.
 10068 | Temple   | Entered the Ecumenical Temple
 10179 | Temple   | Became a worshipper of Kikubaaqudgha
 11684 | D:8      | Noticed a two-headed ogre
 11691 | D:8      | Killed a two-headed ogre
 11692 | D:8      | Reached skill level 9 in Necromancy
 11692 | D:8      | Gained mutation: When seriously injured, your blood forms
                  | thick armour. (AC +9) [demonic ancestry]
 11692 | D:8      | Reached XP level 10. HP: 79/79 MP: 5/20
 12187 | D:9      | Found a staircase to the Lair.
 12681 | D:9      | Found a flagged portal.
 12692 | Bailey   | Entered a bailey
 13611 | D:9      | Reached * piety under Kikubaaqudgha
 13611 | D:9      | Received a gift from Kikubaaqudgha
 14023 | D:10     | Entered Level 10 of the Dungeon
 14134 | D:10     | Reached skill level 10 in Necromancy
 14520 | D:10     | Noticed a wizard
 14521 | D:10     | Noticed Amaemon
 14618 | Lair:1   | Entered Level 1 of the Lair of Beasts
 14632 | Lair:1   | Learned a level 5 spell: Agony
 14870 | Lair:1   | Noticed a cane toad
 14876 | Lair:1   | Killed a cane toad
 14894 | Lair:1   | Reached XP level 11. HP: 38/87 MP: 4/23
 15136 | Lair:1   | Noticed a catoblepas
 15146 | Lair:1   | Killed a catoblepas
 15995 | Lair:2   | Reached skill level 11 in Necromancy
 16001 | Lair:2   | Reached ** piety under Kikubaaqudgha
 16498 | Lair:2   | Noticed a boulder beetle
 16508 | Lair:2   | Killed a boulder beetle
 16749 | Lair:2   | You fall into a shaft and drop 1 floor!
 16776 | Lair:2   | Found a staircase to the Snake Pit.
 16795 | Lair:2   | Noticed a skyshark
 17110 | Lair:2   | Reached XP level 12. HP: 97/97 MP: 7/25
 17286 | Lair:2   | Identified the +7 dagger of Indomitability {drain, rPois
                  | rF+++ Dex-4 SInv}
 17449 | Lair:2   | Reached skill level 10 in Fighting
 18737 | Lair:3   | Found a staircase to the Swamp.
 19327 | Lair:4   | Reached skill level 12 in Necromancy
 19462 | Lair:4   | Noticed a death yak
 19467 | Lair:4   | Noticed a death yak
 19471 | Lair:4   | Noticed a death yak
 19471 | Lair:4   | Killed a death yak
 19498 | Lair:3   | Slain by a death yak

Illustrated notes

Levels and vault maps discovered:
D:1:      nicolae_arrival_kraken_aquarium_a, layout_loops_corners,
          minmay_quantized
D:2:      minmay_razor_zed, layout_basic, basic_altar, minmay_box_of_dots
D:3:      layout_basic, gup_sewer_entry_pipe, kennysheep_flooded_box,
          kennysheep_generic_room_3
D:4:      layout_loops_ring, gammafunk_ghost_cemetery,
          kennysheep_opposing_triangles, uniq_eustachio
D:5:      layout_cave_pools, dk_yredelemnul_ordeal, sigmund_edmund_badplayer
D:6:      layout_basic, gammafunk_ghost_split, hangedman_decor_slide_cut
D:7:      layout_loops_ring, minmay_temple_entry_waves
D:8:      layout_loops_corners
D:9:      layout_irregular_city, dpeg_oklobed_lair, enter_bailey_3,
          minmay_misc_feat_room
D:10:     layout_irregular_city, lightli_wizard_tower, uniq_amaemon,
          uniq_psyche, uniq_maggie
Temple:   roderic_octagonal_lattice_temple
Lair:1:   layout_chaotic_city, eino_small_chamber_without_monster,
          grunt_megastairs_2, infiniplex_staircase_pool_2
Lair:2:   layout_regular_city, guppyfry_snake_entry_island
Lair:3:   layout_misc_corridors, swamp_mist, lemuel_old_faithful,
          infiniplex_staircase_pool, lemuel_fruit_tree
Lair:4:   layout_regular_city, slime_entry_1

Skill      XL: |  1  2  3  4  5  6  7  8  9 10 11 12 |
---------------+-------------------------------------+-----
Dodging        | 2 3 4 5 6 8 9 |  9.8
Stealth        | 2 |  2.0
Fighting       | 1 2 3 4 5 7 8 9 10 | 10.4
Necromancy     | 5 6 7 9 10 11 12 | 12.2
Spellcasting   | 3 4 5 6 8 9 |  9.9

Action                     |  1- 3 |  4- 6 |  7- 9 | 10-12 || total
---------------------------+-------+-------+-------+-------++-------
  Melee: Unarmed           |     3 |       |       |       ||     3
         Dagger            |     5 |    20 |    86 |   122 ||   233
         Tailslap          |       |     5 |    18 |    19 ||    42
         Punch             |       |     1 |     2 |     3 ||     6
   Cast: Necrotise         |    62 |   110 |   130 |   131 ||   433
         Vampiric Draining |       |     8 |    61 |   124 ||   193
         Agony             |       |       |       |    22 ||    22
         Animate Dead      |       |       |       |     5 ||     5
    Use: Scroll            |       |       |       |     4 ||     4
   Stab: Distracted        |       |       |       |     1 ||     1
 Armour: Robe              |       |     6 |    16 |    34 ||    56
  Dodge: Dodged            |     5 |    17 |   146 |   257 ||   425
